 Dungeon Crawl Stone Soup version 0.22.1-1-ga44c0e56f4 (webtiles) character file.

107 Morbidden the Skirmisher (level 4, -10/24 HPs)
             Began as a Vine Stalker Fighter on Nov 5, 2018.
             Killed from afar by Ijyb (16 damage)
             ... with a wand of acid (5)
             ... on level 3 of the Dungeon.
             The game lasted 00:04:40 (2156 turns).

Morbidden the Skirmisher (Vine Stalker Fighter)     Turns: 2156, Time: 00:04:42

Health: -10/24     AC:  9    Str: 18    XL:     4   Next: 86%
Magic:  0/6        EV:  4    Int:  9    God:
Gold:   195        SH:  9    Dex: 14    Spells: 5/5 levels left

rFire    . . .     SeeInvis .   a - +0 long sword
rCold    . . .     Gourm    .   c - +0 shield
rNeg     . . .     Faith    .   p - +0 chain mail
rPois    .         Spirit   +   (no helmet)
rElec    .         Reflect  .   (no cloak)
rCorr    .         Harm     .   (no gloves)
MR       .....                  (no boots)
Stlth    ..........             (no amulet)
HPRegen  0.48/turn              (no ring)
MPRegen  0.10/turn              (no ring)

@: no status effects
A: fangs 2, regeneration 1, magic shield, antimagic bite, no potion heal 3, rot
immunity
a: no special abilities


You were on level 3 of the Dungeon.
You were not hungry.

You visited 1 branch of the dungeon, and saw 3 of its levels.

You collected 195 gold pieces.

Inventory:

Hand Weapons
 a - a +0 long sword (weapon)
 n - a +2 vampiric dagger
Armour
 c - a +0 shield (worn)
 p - a +0 chain mail (worn)
Scrolls
 b - 3 scrolls of remove curse {unknown}
 e - a scroll of blinking {unknown}
 g - a scroll of enchant weapon {unknown}
 l - a scroll of random uselessness {unknown}
 o - 2 scrolls of amnesia {unknown}
 r - a scroll of enchant armour {unknown}
 t - a scroll of teleportation {unknown}
Potions
 d - 4 potions of might
 i - a potion of brilliance
 j - a potion of haste
 k - a potion of resistance
 q - 3 potions of curing {unknown}
 s - a potion of heal wounds {unknown}
 u - a potion of flight {unknown}
Comestibles
 f - 5 rations
 h - 2 chunks of flesh


   Skills:
 * Level 3.3 Fighting
 * Level 3.0 Long Blades
 + Level 2.7 Armour
 + Level 3.1 Shields
 * Level 1.1 Spellcasting


You had 5 spell levels left.
You didn't know any spells.
Your spell library was empty.

Dungeon Overview and Level Annotations

Branches:
Dungeon (3/15)

Altars:

Annotations:
D:3 Ijyb


Innate Abilities, Weirdness & Mutations

You have extremely sharp teeth.
Your natural rate of healing is unusually fast.
When hurt, damage is shared between your health and your magic reserves.
Your bite disrupts and absorbs the magic of your enemies.
Potions cannot restore your health.
You are immune to rotting.


Message History

You kill the giant cockroach!
No target in view!
No target in view!
No target in view!
No target in view!
No target in view!
A bat comes into view.
A bat is nearby!
Ijyb the Twisted Goblin comes into view.
She is wielding an enchanted club.
Ijyb shouts!
The bat hits you but does no damage.
You closely miss the bat. The bat hits you but does no damage.
Your shield and chain mail prevent you from hitting the bat.
You bite the bat, but do no damage. The bat hits you but does no damage.
Ijyb zaps a wand.
The bolt of acid hits you!
You are splashed with acid!
The acid burns!
* * * LOW HITPOINT WARNING * * *
It is a wand of acid (5).
Ijyb zaps a wand.
The bolt of acid hits you!
Ouch! That really hurt!
You die...

....#.#....#
#........#########..
##..#.#....###.########
... #...#.#.)..##...# ...
#..##.#....##...# ..<
#.....#.........#########
...
#.###.#######............
.. #...#.# #............
###.#########..b..†......
................@........
.
..#.#..######............
.
<......#.................
..
....##.#.###.............
.. .......#.#
#............. ######
.#######.###.........g...
#.....
........................
#.####
########.###............
#)# #.# #........ #.#


You could see Ijyb and a bat.

Vanquished Creatures
  An adder (D:3)
  An ooze (D:1)
  2 worms (D:2)
  4 dart slugs
  A leopard gecko (D:1)
  8 orcs (D:3)
  7 bats
  2 giant cockroaches
  6 goblins
  10 hobgoblins
  4 jackals (D:2)
  A ball python (D:2)
  3 frilled lizards (D:2)
  11 kobolds
  5 rats
66 creatures vanquished.

Notes
Turn   | Place    | Note
-------+----------+-------------------------------------------
     0 | D:1      | Morbidden the Vine Stalker Fighter began the quest for the
                  | Orb.
     0 | D:1      | Reached XP level 1. HP: 11/11 MP: 2/2
   106 | D:1      | Reached XP level 2. HP: 13/16 MP: 3/3
   445 | D:1      | Reached XP level 3. HP: 20/20 MP: 4/4
  1265 | D:2      | Gained mutation: Your natural rate of healing is unusually
                  | fast. [Vine Stalker growth]
  1265 | D:2      | Reached XP level 4. HP: 13/24 MP: 6/6
  1269 | D:2      | Reached skill level 1 in Spellcasting
  2154 | D:3      | Noticed Ijyb
  2156 | D:3      | Killed from afar by Ijyb

Skill      XL: |  1  2  3  4 |
---------------+-------------+-----
Fighting       | 3 |  3.3
Long Blades    | 2 3 |  3.0
Shields        | 3 |  3.1
Spellcasting   | 1 |  1.1
Armour         | |  2.7

Action                   |  1- 3 |  4- 6 || total
-------------------------+-------+-------++-------
Melee: Long sword        |   104 |    86 ||   190
       Bite              |    27 |    28 ||    55
  Use: Scroll            |     1 |     3 ||     4
  Eat: Chunk             |     1 |     3 ||     4
Armor: Scale mail        |    36 |       ||    36
       Chain mail        |    18 |    46 ||    64
Dodge: Dodged            |    33 |    22 ||    55
Block: Shield            |    70 |    37 ||   107
       Rpst.: Long sword |     8 |     7 ||    15
